 Dungeon Crawl Stone Soup version 0.27-a0-1347-gd8886f0a89 (webtiles) character file.

Game seed: 1908783949887731584

86 sanka the Magician (level 4, -5/31 HPs)
             Began as a Djinni Summoner on June 27, 2021.
             Slain by a kobold (19 damage)
             ... on level 3 of the Dungeon.
             The game lasted 00:04:25 (4039 turns).

sanka the Magician (Djinni Summoner)                Turns: 4039, Time: 00:04:26

Health: -5/31      AC:  2    Str:  7    XL:     4   Next: 78%
Gold:   45         EV: 12    Int: 17    God:
                   SH:  0    Dex: 14

rFire    + + .     SeeInvis .   c - +0 short sword
rCold    x . .     Faith    .   (no shield)
rNeg     . . .     Spirit   .   a - +0 robe
rPois    ∞         Reflect  .   (no helmet)
rElec    .         Harm     .   (no cloak)
rCorr    .         Rampage  .   (no gloves)
Will     .....                  (boots unavailable)
Stlth    ++........             (no amulet)
HPRegen  0.10/turn              (no ring)
MPRegen  0.00/turn              (no ring)

@: flying
A: sickness immunity, fire resistance 2, cold vulnerability 1, float, innate
caster, hp casting, extra vitality 1
a: no special abilities


You were on level 3 of the Dungeon.
You visited 1 branch of the dungeon, and saw 3 of its levels.

You collected 45 gold pieces.


Innate Abilities, Weirdness & Mutations

You are immune to sickness and miasma.
You are immune to poison.
Your flesh is very heat resistant. (rF++)
You are vulnerable to cold. (rC-)
You float through the air rather than walking.
You learn spells naturally, not from books.
Your magical power is your life essence.
You have superior vitality. (+4 HP)


   Skills:
 - Level 2.1 Dodging
 - Level 1.5 Stealth
 + Level 4.6 Spellcasting


You couldn't memorise any spells.
You knew the following spells:

 Your Spells              Type           Power      Damage    Failure   Level
c - Call Canine Familiar  Summ           19%        N/A       7%          3
v - Summon Ice Beast      Ice/Summ       19%        N/A       22%         4
x - Summon Small Mammal   Summ           76%        N/A       2%          1
y - Foxfire               Conj/Fire      76%        2x1d7     2%          1
z - Call Imp              Summ           19%        N/A       3%          2
X - Summon Lightning Spi  Summ/Air       19%        N/A       22%         4
Z - Summon Guardian Gole  Hex/Summ       19%        N/A       7%          3
Your spell library was empty.

Inventory:

Hand Weapons
 c - a +0 short sword (weapon)
Missiles
 k - a throwing net {=f}
Armour
 a - a +0 robe (worn)
 g - a +0 helmet
Scrolls
 b - 2 scrolls of immolation {unknown}
 e - a scroll of enchant weapon {unknown}
 h - 2 scrolls of identify {unknown}
 i - 2 scrolls of teleportation {unknown}
Potions
 d - 3 potions of curing {unknown}
 f - 2 potions of lignification {unknown}
 j - a potion of might {unknown}

Dungeon Overview and Level Annotations

Branches:
Dungeon (3/15)

Altars:

..▒ ..▒ ..▒ .▒ ▒.▒ ..
▒▒?▒▒▒▒. ...... ▒)▒..
▒▒▒.▒▒▒▒K▒.▒▒▒▒▒▒▒▒
.......R5▒.........
▒▒▒.▒▒▒▒▒...▒▒▒▒▒▒...
▒<............
▒.....▒....▒▒▒▒....
▒▒▒▒▒▒.▒....... .
▒▒.▒...▒▒.. ▒▒▒.....
...▒▒▒▒ ▒....


You could see a kobold (ally target) and a friendly shadow imp (summoned).


Message History

You closely miss the kobold. The kobold hits you but does no damage.
You hit the kobold.
The kobold is moderately wounded.
The kobold barely misses you.
A shadowy apparition takes form in the air.
The kobold barely misses you.
Unknown command.
You hit the kobold.
The kobold is severely wounded.
The kobold hits you but does no damage.
Your shadow imp hits the kobold.
The kobold dies!
The goblin barely misses you.
Things that are here:
a +0 whip; 19 stones; a kobold corpse You hit the goblin.
You kill the goblin!
Your shadow imp hits the kobold.
You closely miss the kobold.
The kobold is heavily wounded.
The kobold barely misses you.
Your shadow imp hits the kobold but does no damage.
You hit the kobold but do no damage.
The kobold is heavily wounded.
The kobold hits you with a +2 whip of electrocution.
* * * LOW HITPOINT WARNING * * *
You are electrocuted!!
Ouch! That really hurt!
You die...

Action                   |  1- 3 |  4- 6 || total
-------------------------+-------+-------++-------
Melee: Short sword       |    82 |    98 ||   180
       Unarmed           |     6 |       ||     6
 Cast: Summon Small Mamm |    12 |       ||    12
       Call Imp          |    14 |    11 ||    25
 Stab: Sleeping          |       |     3 ||     3
Armor: Robe              |    26 |    16 ||    42
Dodge: Dodged            |    84 |    75 ||   159

Levels and vault maps discovered:
D:1:      kennysheep_arrival_seaside, layout_rooms,
          dilly_ecumenical_altar_fadedgnrine, minmay_pentomino_p2
D:2:      layout_basic
D:3:      layout_loops_ring, lightli_temple_of_fire,
          minmay_misc_feat_more_columns, bh_walls_and_bars, uniq_robin,
          uniq_grinder, uniq_natasha

Notes
Turn   | Place    | Note
-------+----------+-------------------------------------------
     0 | D:1      | sanka the Djinni Summoner began the quest for the Orb.
     0 | D:1      | Reached XP level 1. HP: 15/15 MP: 0/0
   590 | D:1      | Reached XP level 2. HP: 7/21 MP: 0/0
  1625 | D:1      | Reached XP level 3. HP: 15/25 MP: 0/0
  1625 | D:1      | Learned a level 1 spell: Foxfire
  1842 | D:1      | Found a faded altar of an unknown god.
  1987 | D:2      | Reached skill level 4 in Spellcasting
  2398 | D:2      | Reached XP level 4. HP: 17/31 MP: 0/0
  3361 | D:2      | HP: 3/31 [jackal (2)]
  3362 | D:2      | HP: 1/31 [jackal (1)]
  4039 | D:3      | Slain by a kobold

Vanquished Creatures
  2 adders (D:2)
  An ufetubus (D:2)
  2 dart slugs
  6 ball pythons
  4 endoplasms
  A goblin (D:3)
  2 hobgoblins (D:2)
  3 jackals (D:2)
  3 bats
  3 frilled lizards
  3 kobolds (D:2)
  2 rats
32 creatures vanquished.

Vanquished Creatures (collateral kills)
  An adder (D:3)
  2 worms (D:2)
  4 endoplasms (D:1)
  A giant cockroach (D:1)
  A goblin (D:1)
  4 hobgoblins
  A jackal (D:2)
  3 kobolds
  3 quokkas
  2 bats (D:1)
  A frilled lizard (D:1)
  3 rats (D:1)
26 creatures vanquished.

Grand Total: 58 creatures vanquished
